PA
PUT-IN-BAY BC @ GWINNETT COUNTY BLACK CATS
06/17/2020
 
TOP OF THE 1ST
Put-In-Bay BC batting - Pitching for Gwinnett County Black Cats : RHP Jim Unknown
Pitching: RHP Jim Unknown
Batting: RHB Tim Burnett 0-0: Ball
1-0: Ball
2-0: Ground out 5-3 (Groundball, 5S)
Batting: RHB Pedro Pérez 0-0: Foul Ball, location: 2F
0-1: Ball
1-1: Ball
2-1: Ground out 6-3 (Groundball, 6)
Batting: LHB Arturo Rodríguez 0-0: Ball
1-0: Fly out, F8 (Flyball, 8LM)
Top of the 1st over - 0 run(s), 0 hit(s), 0 error(s), 0 left on base; Put-In-Bay 0 - Gwinnett County 0
BOTTOM OF THE 1ST
Gwinnett County Black Cats batting - Pitching for Put-In-Bay BC : RHP Juan Montoya
Pitching: RHP Juan Montoya
Batting: RHB António Domínguez 0-0: Ground out 6-3 (Groundball, 6M)
Batting: RHB Pablo Alyala 0-0: SINGLE (Line Drive, 78S)
Batting: LHB Kent Roberts 0-0: Foul Ball, location: 2F
0-1: Ball
1-1: Ball
2-1: Ball
3-1: Base on Balls
Pablo Alyala to second
Batting: SHB Chris Murray 0-0: Ball
1-0: Foul Ball, location: 2F
1-1: Swinging Strike
1-2: Ball
2-2: Ball
3-2: Strikes out looking
Batting: RHB Jim Unknown 0-0: Swinging Strike
0-1: Ball
1-1: Ball
2-1: Ball
3-1: Called Strike
3-2: Foul Ball, location: 2F
3-2: SINGLE (Groundball, 5D)
Pablo Alyala to third
Kent Roberts to second
Pablo Alyala scores
Kent Roberts to third
Batting: RHB Jesús Aragón 0-0: Foul Ball, location: 2F
0-1: Ball
1-1: Ball
2-1: Ground out 5-3 (Groundball, 5S)
Bottom of the 1st over - 1 run(s), 2 hit(s), 0 error(s), 2 left on base; Put-In-Bay 0 - Gwinnett County 1
TOP OF THE 2ND
Put-In-Bay BC batting - Pitching for Gwinnett County Black Cats : RHP Jim Unknown
Batting: RHB Carlos Trujillo 0-0: Ball
1-0: Ground out 5-3 (Groundball, 56)
Batting: RHB Jim Unknown 0-0: Ball
1-0: Ball
2-0: Ball
3-0: Base on Balls
Batting: LHB José Ortega 0-0: Ball
1-0: Ball
2-0: Ball
3-0: Base on Balls
Jim Unknown to second
Batting: RHB Eddie Davis 0-0: Swinging Strike
0-1: Ball
1-1: Ball
2-1: Ball
3-1: Swinging Strike
3-2: Foul Ball, location: 2F
3-2: Base on Balls
Jim Unknown to third
José Ortega to second
Batting: LHB Alan Hardy 0-0: Foul Ball, location: 2F
0-1: Swinging Strike
0-2: Strikes out looking
Batting: LHB Felipe Martínez 0-0: SINGLE (Line Drive, 9S)
Jim Unknown scores
José Ortega to third
Eddie Davis to second
Runner from 3rd tries for Home, SAFE, no throw or cutoff
Batting: RHB Tim Burnett 0-0: Called Strike
0-1: Ground out 5-3 (Groundball, 5L)
Top of the 2nd over - 2 run(s), 1 hit(s), 0 error(s), 2 left on base; Put-In-Bay 2 - Gwinnett County 1
BOTTOM OF THE 2ND
Gwinnett County Black Cats batting - Pitching for Put-In-Bay BC : RHP Juan Montoya
Batting: RHB Luis Hernández 0-0: Ball
1-0: Ball
2-0: Called Strike
2-1: Ball
3-1: Foul Ball, location: 2F
3-2: Foul Ball, location: 2F
3-2: Ground out 2-3 (Groundball, 2L)
Batting: RHB Ernesto Fernández 0-0: Foul Ball, location: 2F
0-1: Foul Ball, location: 2F
0-2: Ball
1-2: DOUBLE (Groundball, 5L)
Batting: RHB Daniel Ybarra 0-0: Called Strike
0-1: Swinging Strike
0-2: Foul Ball, location: 2F
0-2: Foul Ball, location: 2F
0-2: Fly out, F8 (Flyball, 8RM)
Batting: RHB António Domínguez 0-0: Called Strike
0-1: Ground out 4-3 (Groundball, 34)
Bottom of the 2nd over - 0 run(s), 1 hit(s), 0 error(s), 1 left on base; Put-In-Bay 2 - Gwinnett County 1
TOP OF THE 3RD
Put-In-Bay BC batting - Pitching for Gwinnett County Black Cats : RHP Jim Unknown
Batting: RHB Pedro Pérez 0-0: Fly out, F4 (Popup, 4D)
Batting: LHB Arturo Rodríguez 0-0: SINGLE (Groundball, 34)
Batting: RHB Carlos Trujillo 0-0: Ball
1-0: Swinging Strike
1-1: Swinging Strike
1-2: Strikes out swinging
Batting: RHB Jim Unknown 0-0: Called Strike
0-1: Ground out 5-3 (Groundball, 5S)
Top of the 3rd over - 0 run(s), 1 hit(s), 0 error(s), 1 left on base; Put-In-Bay 2 - Gwinnett County 1
BOTTOM OF THE 3RD
Gwinnett County Black Cats batting - Pitching for Put-In-Bay BC : RHP Juan Montoya
Batting: RHB Pablo Alyala 0-0: DOUBLE (Flyball, 7LD)
Pinch Runner at 2nd Jim Unknown:
Batting: LHB Kent Roberts 0-0: Ball
1-0: Ball
2-0: Foul Ball, location: 2F
2-1: Ball
3-1: Base on Balls
Batting: SHB Chris Murray 0-0: Called Strike
0-1: Fielders Choice at 2nd, 4-6 (Groundball, 4)
Jim Unknown to third
Batting: RHB Jim Unknown 0-0: Ball
1-0: Ball
2-0: Ball
3-0: Called Strike
3-1: Swinging Strike
3-2: Strikes out looking
Chris Murray steals 2nd base
Batter strikes out.
Batting: RHB Jesús Aragón 0-0: Ball
1-0: Called Strike
1-1: Called Strike
1-2: Ball
2-2: Ball
3-2: Base on Balls
Batting: RHB Luis Hernández 0-0: Ball
1-0: Swinging Strike
1-1: Swinging Strike
1-2: Foul Ball, location: 2F
1-2: Strikes out swinging
Bottom of the 3rd over - 0 run(s), 1 hit(s), 0 error(s), 3 left on base; Put-In-Bay 2 - Gwinnett County 1
TOP OF THE 4TH
Put-In-Bay BC batting - Pitching for Gwinnett County Black Cats : RHP Jim Unknown
Now at 1B: Jim Unknown
Batting: LHB José Ortega 0-0: Ball
1-0: Ball
2-0: Ball
3-0: Called Strike
3-1: Foul Ball, location: 2F
3-2: Ground out 4-3 (Groundball, 4)
Batting: RHB Eddie Davis 0-0: Ball
1-0: Ball
2-0: Called Strike
Reached via error on a dropped throw, E3
Batting: LHB Alan Hardy 0-0: Called Strike
0-1: Ball
1-1: Called Strike
1-2: Ball
2-2: Ball
3-2: DOUBLE (Flyball, 8RXD)
Eddie Davis to third
Pinch Runner at 2nd Álex Gutiérrez:
Batting: LHB Felipe Martínez 0-0: Ball
1-0: Ball
2-0: Ball
3-0: Base on Balls
Batting: RHB Tim Burnett 0-0: Called Strike
0-1: SINGLE (Line Drive, 89S)
Eddie Davis scores
Álex Gutiérrez to third
Felipe Martínez to second
Batting: RHB Pedro Pérez 0-0: Ball
1-0: Ball
2-0: Ball
3-0: Called Strike
3-1: Foul Ball, location: 2F
3-2: Grounds into double play, U5-3 (Groundball, 5L)
Top of the 4th over - 1 run(s), 2 hit(s), 1 error(s), 2 left on base; Put-In-Bay 3 - Gwinnett County 1
BOTTOM OF THE 4TH
Gwinnett County Black Cats batting - Pitching for Put-In-Bay BC : RHP Juan Montoya
Now at 2B: Álex Gutiérrez
Batting: RHB Ernesto Fernández 0-0: Fly out, F8 (Flyball, 8LS)
Batting: RHB Daniel Ybarra 0-0: Foul Ball, location: 2F
0-1: Ball
1-1: Ground out 5-3 (Groundball, 15S)
Batting: RHB António Domínguez 0-0: Ball
1-0: Foul Ball, location: 2F
1-1: Foul Ball, location: 2F
Single, Error in OF, E7, batter to second base
Batting: LHB Jim Unknown 0-0: Foul Ball, location: 2F
0-1: Foul Ball, location: 2F
0-2: Ball
1-2: Foul Ball, location: 2F
1-2: Ground out U3 (Groundball, 3L)
Bottom of the 4th over - 0 run(s), 1 hit(s), 1 error(s), 1 left on base; Put-In-Bay 3 - Gwinnett County 1
TOP OF THE 5TH
Put-In-Bay BC batting - Pitching for Gwinnett County Black Cats : RHP Jim Unknown
Batting: LHB Arturo Rodríguez 0-0: Ball
1-0: Ball
2-0: Ball
3-0: Called Strike
3-1: Ground out 6-3 (Groundball, 6)
Batting: RHB Carlos Trujillo 0-0: Ball
1-0: Ball
2-0: Swinging Strike
2-1: Called Strike
2-2: Ball
3-2: Foul Ball, location: 2F
3-2: Foul Ball, location: 2F
3-2: Fly out, F8 (Flyball, 8LM)
Batting: RHB Jim Unknown 0-0: Called Strike
0-1: Foul Ball, location: 2F
0-2: Strikes out swinging
Top of the 5th over - 0 run(s), 0 hit(s), 0 error(s), 0 left on base; Put-In-Bay 3 - Gwinnett County 1
BOTTOM OF THE 5TH
Gwinnett County Black Cats batting - Pitching for Put-In-Bay BC : RHP Juan Montoya
Batting: LHB Kent Roberts 0-0: Ball
1-0: Foul Ball, location: 2F
1-1: Ball
2-1: Foul Ball, location: 2F
2-2: Ball
3-2: Foul Ball, location: 2F
3-2: Ground out 4-3 (Groundball, 4M)
Batting: SHB Chris Murray 0-0: Ball
1-0: Ground out U3 (Groundball, 3S)
Batting: RHB Jim Unknown 0-0: Ball
1-0: Ball
2-0: Foul Ball, location: 2F
2-1: Ball
3-1: Ground out 4-3 (Groundball, 34)
Bottom of the 5th over - 0 run(s), 0 hit(s), 0 error(s), 0 left on base; Put-In-Bay 3 - Gwinnett County 1
TOP OF THE 6TH
Put-In-Bay BC batting - Pitching for Gwinnett County Black Cats : RHP Jim Unknown
Batting: LHB José Ortega 0-0: Called Strike
0-1: Swinging Strike
0-2: Strikes out looking
Batting: RHB Eddie Davis 0-0: SINGLE (Line Drive, 6D)
Batting: SHB Álex Gutiérrez 0-0: Ball
1-0: Called Strike
1-1: Foul Ball, location: 2F
1-2: Strikes out swinging
Batting: LHB Felipe Martínez 0-0: Swinging Strike
0-1: Ground out 4-3 (Groundball, 4)
Top of the 6th over - 0 run(s), 1 hit(s), 0 error(s), 1 left on base; Put-In-Bay 3 - Gwinnett County 1
BOTTOM OF THE 6TH
Gwinnett County Black Cats batting - Pitching for Put-In-Bay BC : RHP Juan Montoya
Batting: RHB Jesús Aragón 0-0: Foul Ball, location: 2F
0-1: Ball
1-1: Ball
2-1: Ball
3-1: Fly out, F8 (Flyball, 8LM)
Batting: RHB Luis Hernández 0-0: Ball
1-0: Ground out 5-3 (Groundball, 5S)
Batting: RHB Ernesto Fernández 0-0: Ball
1-0: Ball
2-0: Ball
3-0: Called Strike
3-1: Base on Balls
Batting: RHB Daniel Ybarra 0-0: Reached on error, E4 (Groundball, 4)
Ernesto Fernández to second
Batting: RHB António Domínguez 0-0: Foul Ball, location: 2F
0-1: Ball
1-1: Ground out 5-3 (Groundball, 56)
Bottom of the 6th over - 0 run(s), 0 hit(s), 1 error(s), 2 left on base; Put-In-Bay 3 - Gwinnett County 1
TOP OF THE 7TH
Put-In-Bay BC batting - Pitching for Gwinnett County Black Cats : RHP Jim Unknown
Batting: RHB Tim Burnett 0-0: Called Strike
0-1: Foul Ball, location: 2F
0-2: Foul Ball, location: 2F
0-2: Ball
1-2: Ball
2-2: Strikes out swinging
Batting: RHB Pedro Pérez 0-0: Called Strike
0-1: Ball
1-1: Ground out U3 (Groundball, 3S)
Batting: LHB Arturo Rodríguez 0-0: Ball
1-0: Foul Ball, location: 2F
1-1: Foul Ball, location: 2F
1-2: Strikes out swinging
Top of the 7th over - 0 run(s), 0 hit(s), 0 error(s), 0 left on base; Put-In-Bay 3 - Gwinnett County 1
BOTTOM OF THE 7TH
Gwinnett County Black Cats batting - Pitching for Put-In-Bay BC : RHP Juan Montoya
Batting: LHB Jim Unknown 0-0: Called Strike
0-1: Ball
1-1: Ball
2-1: Foul Ball, location: 2F
2-2: Fly out, F7 (Popup, 6D)
Batting: LHB Kent Roberts 0-0: Called Strike
0-1: Called Strike
0-2: Foul Ball, location: 2F
0-2: Foul Ball, location: 2F
0-2: Strikes out looking
Batting: SHB Chris Murray 0-0: Ball
1-0: Ball
2-0: Foul Ball, location: 2F
2-1: Ground out 5-3 (Groundball, 15S)
Bottom of the 7th over - 0 run(s), 0 hit(s), 0 error(s), 0 left on base; Put-In-Bay 3 - Gwinnett County 1
TOP OF THE 8TH
Put-In-Bay BC batting - Pitching for Gwinnett County Black Cats : RHP Jim Unknown
Batting: RHB Carlos Trujillo 0-0: Ball
1-0: Foul Ball, location: 2F
1-1: Foul Ball, location: 2F
1-2: Ball
2-2: Ball
3-2: Base on Balls
Batting: RHB Jim Unknown 0-0: Called Strike
0-1: Ball
1-1: Ball
2-1: Called Strike
2-2: Ball
3-2: Fly out, F3 (Popup, 23F)
Batting: LHB José Ortega 0-0: Ball
1-0: Foul Ball, location: 2F
1-1: Swinging Strike
1-2: Strikes out looking
Batting: RHB Eddie Davis 0-0: Ball
1-0: Foul Ball, location: 2F
1-1: Called Strike
1-2: Ground out 6-3 (Groundball, 6)
Top of the 8th over - 0 run(s), 0 hit(s), 0 error(s), 1 left on base; Put-In-Bay 3 - Gwinnett County 1
BOTTOM OF THE 8TH
Gwinnett County Black Cats batting - Pitching for Put-In-Bay BC : RHP Juan Montoya
Now at 1B: Jorge Suárez
Batting: RHB Jim Unknown 0-0: Ball
1-0: Ground out 6-3 (Groundball, 6MS)
Batting: RHB Jesús Aragón 0-0: Ball
1-0: Fly out, F9 (Flyball, 89M)
Batting: RHB Luis Hernández 0-0: Ball
1-0: Foul Ball, location: 2F
1-1: Foul Ball, location: 2F
1-2: Foul Ball, location: 2F
1-2: Foul Ball, location: 2F
1-2: Ball
2-2: Ground out 5-3 (Groundball, 5)
Bottom of the 8th over - 0 run(s), 0 hit(s), 0 error(s), 0 left on base; Put-In-Bay 3 - Gwinnett County 1
TOP OF THE 9TH
Put-In-Bay BC batting - Pitching for Gwinnett County Black Cats : RHP Jim Unknown
Batting: SHB Álex Gutiérrez 0-0: Ball
1-0: Ground out 5-3 (Groundball, 56)
Batting: LHB Felipe Martínez 0-0: Ball
1-0: Foul Ball, location: 2F
1-1: Swinging Strike
1-2: Strikes out swinging
Batting: RHB Tim Burnett 0-0: Ball
1-0: Called Strike
1-1: Ground out 5-3 (Groundball, 56)
Top of the 9th over - 0 run(s), 0 hit(s), 0 error(s), 0 left on base; Put-In-Bay 3 - Gwinnett County 1
BOTTOM OF THE 9TH
Gwinnett County Black Cats batting - Pitching for Put-In-Bay BC : RHP Juan Montoya
Pitching: RHP Jim Unknown
Batting: RHB Ernesto Fernández 0-0: Ball
1-0: Called Strike
1-1: Swinging Strike
1-2: Ball
2-2: SINGLE (Line Drive, 56)
Pinch Hitting: LHB Jim Unknown 0-0: Called Strike
0-1: Ball
1-1: Called Strike
1-2: SINGLE (Groundball, 34D)
Ernesto Fernández to second
Runner from 2nd tries for 3rd, SAFE, throw made to third
Pinch Hitting: RHB Millard Lewis 0-0: Ball
1-0: Ball
2-0: Called Strike
2-1: Foul Ball, location: 2F
2-2: Fly out, F9 (Flyball, 9LMF)
Batting: LHB Jim Unknown 0-0: Ball
1-0: Fly out, F5 (Popup, 5SF)
Batting: LHB Kent Roberts 0-0: Ball
1-0: Called Strike
1-1: Swinging Strike
1-2: Foul Ball, location: 2F
1-2: Ground out 4-3 (Groundball, 4)
Bottom of the 9th over - 0 run(s), 2 hit(s), 0 error(s), 2 left on base; Put-In-Bay 3 - Gwinnett County 1
This league is powered by Out of the Park Baseball, the baseball management simulation game for PC, Mac and Linux
Friday, October 23rd, 2015 - OOTP Baseball 16.9 Build 39